 Dungeon Crawl Stone Soup version 0.29.0-7-g18a832c13a (webtiles) character file.

Game seed: 14868727045890791671

144 ImASeal the Poker (level 5, -8/57 HPs)
             Began as a Demonspawn Gladiator on Aug 31, 2022.
             Mangled by Descartes's ghost (19 damage)
             ... on level 3 of the Dungeon.
             The game lasted 00:06:21 (3551 turns).

ImASeal the Poker (Demonspawn Gladiator)            Turns: 3551, Time: 00:06:21

Health: -8/57      AC: 22    Str: 14    XL:     5   Next: 5%
Magic:  5/5        EV:  2    Int:  9    God:
Gold:   165        SH:  0    Dex: 17    Spells: 4/4 levels left

rFire   . . .      SeeInvis .   a - +0 trident
rCold   . . .      Faith    .   (no shield)
rNeg    . . .      Spirit   .   (body armour currently unavailable)
rPois   +          Reflect  .   (helmet currently unavailable)
rElec   .          Harm     .   (cloak currently unavailable)
rCorr   .          Rampage  .   (gloves currently unavailable)
Will    .....      NoTele   +   (boots currently unavailable)
Stlth   ++........              (no amulet)
HPRegen 0.19/turn               (no ring)
MPRegen 0.09/turn               (no ring)

@: tree-form
A: stationary, stasis, torment immunity, boosted hp, (antennae 2), (spiny 1)
a: no special abilities


You were on level 3 of the Dungeon.
You were a tree.
You visited 1 branch of the dungeon, and saw 3 of its levels.

You collected 165 gold pieces.

Inventory:

Hand Weapons
 a - a +0 trident (weapon)
Missiles
 d - 3 throwing nets (quivered)
 e - 3 javelins
Armour
 b - a +0 leather armour (melded)
 c - a +0 helmet
Scrolls
 k - 3 scrolls of vulnerability
 n - a scroll of magic mapping {unknown}
 o - 2 scrolls of teleportation {unknown}
 p - a scroll of immolation
 r - a scroll of butterflies
 s - a scroll of silence
 t - 2 scrolls of noise {unknown}
 u - a scroll of torment
 v - 2 scrolls of amnesia {unknown}
 w - a scroll of enchant armour {unknown}
Potions
 f - a potion of cancellation {unknown}
 g - 3 potions of invisibility
 h - 2 potions of lignification
 i - a potion of curing {unknown}
 j - 2 potions of might {unknown}
 l - a potion of haste {unknown}
 q - a potion of attraction {unknown}
 x - a potion of brilliance {unknown}


   Skills:
 - Level 2.2 Fighting
 + Level 4.7 Polearms
 + Level 1.8 Throwing
 - Level 0.8 Armour
 - Level 3.1 Dodging
 - Level 0.3 Stealth


You had 4 spell levels left.
You didn't know any spells.
Your spell library contained the following spells:

 Spells                   Type           Power      Damage    Failure   Level
 Sandblast                Erth           0%         2d4       38%         1
 Passwall                 Tmut/Erth      0%         N/A       52%         2
 Conjure Flame            Conj/Fire      0%         6-21      77%         3
 Ignite Poison            Fire/Tmut/Pois 0%         N/A       77%         3
 Stone Arrow              Conj/Erth      0%         3d7       77%         3
 Sticky Flame             Conj/Fire      0%         2d3       99%         4


Dungeon Overview and Level Annotations

Branches:
Dungeon (3/15)

Altars:
Xom

Shops:
D:1 =

Annotations:
D:3 1 runed translucent door, Descartes's ghost, weakling DEWn


Innate Abilities, Weirdness & Mutations

You are a tree.
Your roots penetrate the ground, keeping you stationary.
You cannot be teleported.
You are immune to unholy pain and torment.
Your maximum health is greatly increased.
Your equipment is partially melded.
((You have a pair of antennae on your head.))
((You are partially covered in sharp spines.))


Message History

You are too injured to fight recklessly!
You turn into a tree.
Your +0 leather armour melds into your body.
Your roots penetrate the ground.
The river rat bites you but does no damage.
You hit the river rat.
The river rat is almost dead.
The river rat bites you but does no damage.
You are too injured to fight recklessly!
You are too injured to fight recklessly!
You are too injured to fight recklessly!
You barely miss the river rat.
The river rat is almost dead.
The river rat bites you but does no damage.
You barely miss the river rat.
The river rat is almost dead.
The river rat bites you but does no damage.
You hit the river rat.
You kill the river rat!
Descartes's ghost hits you but does no damage.
You have reached level 5!
Your demonic ancestry asserts itself...
The antennae on your head grow some more.
You closely miss Descartes's ghost.
Descartes's ghost hits you but does no damage.
You are electrocuted!
* * * LOW HITPOINT WARNING * * *
You hit Descartes's ghost but do no damage.
Descartes's ghost hits you but does no damage.
You hit Descartes's ghost.
Descartes's ghost is moderately damaged.
Descartes's ghost hits you but does no damage.
You closely miss Descartes's ghost.
Descartes's ghost is moderately damaged.
Descartes's ghost hits you but does no damage.
You puncture Descartes's ghost!
Descartes's ghost is severely damaged.
Descartes's ghost hits you but does no damage.
You are electrocuted!!
You die...

.#............#..................
.#..##.#.###.....................
.#..##.#.####.##....#.......##.##
.#..##.............##............
..............#..................
.#..##.#.###...................##
.........# ##.#..################
.#..##.#.# #..#..#~~~~~~~rw#.....
.........# #..#.♣Ww~r~)~~~B+.....
.#..##.#.###..#..#~~~~~~~~r#.....
##..##.#.........###########.....
..............#..#.#.............
##.###.#.###..#..#...............
....##.#.#.......................
##..##.#.#.#..#........#.##.#....
##.##.#.#.#..#..#.##..#.##.#.#..
###.##.#.#.#..#..#.##..#.##.#.#..


You could see a worm, Descartes's ghost and a rat.

Vanquished Creatures
  A bullfrog (D:3)
  2 adders (D:2)
  A river rat (D:3)
  2 orcs (D:3)
  A bat (D:2)
  7 endoplasms
  2 giant cockroaches (D:3)
  8 hobgoblins
  4 quokkas
  4 ball pythons
  3 frilled lizards
  5 goblins
  3 kobolds (D:1)
  5 rats
48 creatures vanquished.

Notes
Turn   | Place    | Note
-------+----------+-------------------------------------------
     0 | D:1      | ImASeal the Demonspawn Gladiator began the quest for the
                  | Orb.
     0 | D:1      | Reached XP level 1. HP: 16/16 MP: 1/1
   686 | D:1      | Found Payjemer's Jewellery Emporium.
   714 | D:1      | Gained mutation: You have a pair of small antennae on your
                  | head. [demonic ancestry]
   714 | D:1      | Reached XP level 2. HP: 8/22 MP: 2/2
  1747 | D:2      | Found a shimmering altar of Xom.
  1832 | D:2      | Reached skill level 3 in Polearms
  1907 | D:2      | Reached XP level 3. HP: 22/27 MP: 3/3
  2307 | D:2      | HP: 1/27 [poisoned by an adder]
  2815 | D:3      | Found a runed translucent door.
  2842 | D:3      | Noticed a bullfrog
  2842 | D:3      | Noticed Descartes's ghost (weakling DEWn)
  3108 | D:3      | Found a runed translucent door.
  3267 | D:3      | Gained mutation: You are partially covered in sharp spines.
                  | [demonic ancestry]
  3267 | D:3      | Reached XP level 4. HP: 33/33 MP: 4/4
  3287 | D:3      | Found a faded altar of an unknown god.
  3532 | D:3      | Killed a bullfrog
  3533 | D:3      | Reached skill level 4 in Polearms
  3547 | D:3      | Gained mutation: You have a pair of antennae on your head.
                  | [demonic ancestry]
  3547 | D:3      | Reached XP level 5. HP: 27/38 MP: 5/5
  3551 | D:3      | Mangled by Descartes's ghost

Illustrated notes

Levels and vault maps discovered:
D:1:      lemuel_arrival_funnel, layout_loops_ring, serial_shops, shop,
          minmay_misc_feat_encased
D:2:      layout_loops_cross, basic_altar
D:3:      layout_basic, ebering_ghost_sewer_f,
          hellmonk_ecumenical_altar_inner_sanctum, supply_closet_lemuel

Skill      XL: |  1  2  3  4 |
---------------+-------------+-----
Dodging        | 3 |  3.1
Polearms       | 3 4 |  4.7
Fighting       | |  2.2
Throwing       | |  1.8
Armour         | |  0.8
Stealth        | |  0.3

Action                   |  1- 3 |  4- 6 || total
-------------------------+-------+-------++-------
Melee: Trident           |   152 |    21 ||   173
       Punch             |     6 |       ||     6
  Use: Scroll            |     1 |     6 ||     7
       Potion            |       |     1 ||     1
 Stab: Sleeping          |     4 |       ||     4
Armor: Leather armour    |    25 |       ||    25
       Skin              |       |    10 ||    10
Dodge: Dodged            |    84 |     6 ||    90
